 Dungeon Crawl Stone Soup version 0.19-a0-1886-gd64a0f0 (webtiles) character file.

1883 KarmaPolice the Slinger (level 9, -1/61 HPs)
             Began as a Halfling Hunter on Oct 16, 2016.
             Was a Believer of Uskayaw.
             Slain by a hornet (9 damage)
             ... on level 7 of the Dungeon.
             The game lasted 00:23:02 (7133 turns).

KarmaPolice the Slinger (Halfling Hunter)           Turns: 7133, Time: 00:23:03

Health: -1/61      AC:  7    Str: 14    XL:     9   Next: 36%
Magic:  12/12      EV: 16    Int:  9    God:    Uskayaw [**....]
Gold:   299        SH:  0    Dex: 17    Spells: 0 memorised, 8 levels left

rFire  . . .     SeeInvis .     a - +2 hunting sling
rCold  . . .     Gourm    +     c - +0 leather armour
rNeg   . . .     Faith    .     (shield restricted)
rPois  .         Spirit   .     (no helmet)
rElec  .         Dismiss  .     (no cloak)
rCorr  .         Reflect  .     h - +2 pair of gloves
MR     .....     Harm     .     o - +0 pair of boots
Stlth  ++........               y - amulet of the gourmand
                                (no ring)
                                r - +2 ring of evasion

@: slowed, very slow
A: mutation resistance 1
a: Stomp, Line Pass, Renounce Religion


You were on level 7 of the Dungeon.
You worshipped Uskayaw.
Uskayaw was noncommittal.
You were very full.

You visited 2 branches of the dungeon, and saw 8 of its levels.

You collected 299 gold pieces.

Inventory:

Hand Weapons
 a - a +2 hunting sling (weapon)
 b - a +0 short sword
 s - a cursed -3 hunting sling
 J - a +0 blowgun
Missiles
 d - 29 sling bullets (quivered)
 q - 73 stones
Armour
 c - a +0 leather armour (worn)
 h - a +2 pair of gloves (worn)
 o - a +0 pair of boots (worn)
Jewellery
 g - an uncursed ring of ice
 r - a +2 ring of evasion (left hand)
 y - an amulet of the gourmand (around neck)
 M - an uncursed ring of wizardry {unknown}
 O - an uncursed ring of protection from fire {unknown}
Wands
 B - a wand of flame (31/48)
 D - a wand of lightning (0/15)
 E - a wand of teleportation (8/9)
Scrolls
 e - 2 scrolls of fog {unknown}
 m - a scroll of amnesia {unknown}
 t - 2 scrolls of teleportation {unknown}
 w - 4 scrolls of remove curse
 z - a scroll of immolation {unknown}
 A - 2 scrolls of enchant armour {unknown}
 C - a scroll of fear {unknown}
 H - a scroll of random uselessness {unknown}
 K - a scroll of identify
Potions
 i - a potion of flight {unknown}
 j - a potion of resistance {unknown}
 k - a potion of mutation {unknown}
 l - 3 potions of agility
 x - a potion of lignification {unknown}
 F - a potion of cure mutation {unknown}
 G - a potion of might {unknown}
 N - a potion of brilliance {unknown}
Books
 u - a book of Misfortune

   Spells                             Type                      Level
   a - Confusing Touch                Hexes                        1
   b - Confuse                        Hexes                        3
   c - Gell's Gravitas                Hexes/Translocation          3
   d - Petrify                        Transmutation/Earth          4
   e - Metabolic Englaciation         Hexes/Ice                    5
   f - Yara's Violent Unravelling     Hexes/Transmutation          5
 I - a book of Geomancy

   Spells                             Type                      Level
   a - Sandblast                      Earth                        1
   b - Passwall                       Transmutation/Earth          2
   c - Stone Arrow                    Conjuration/Earth            3
   d - Petrify                        Transmutation/Earth          4
   e - Lee's Rapid Deconstruction     Earth                        5
Comestibles
 f - 2 bread rations
 n - 10 fruits
 p - 2 beef jerkies
 L - 6 chunks of flesh


   Skills:
 + Level 5.4 Fighting
 + Level 7.0 Short Blades
 - Level 8.0 Slings
 - Level 2.6 Armour
 - Level 2.1 Dodging
 - Level 1.9 Stealth
 + Level 4.4 Invocations
 + Level 4.5 Evocations


You had 8 spell levels left.
You didn't know any spells.

Dungeon Overview and Level Annotations

Branches:
Dungeon (7/15)             Temple (1/1) D:5

Altars:
Ashenzari
Cheibriados
Dithmenos
Elyvilon
Gozag
Hepliaklqana
Kikubaaqudgha
Nemelex Xobeh
Qazlal
Ru
Sif Muna
Trog
Uskayaw
Yredelemnul
Zin
The Shining One

Shops:
D:5 [(


Innate Abilities, Weirdness & Mutations

You are small and have problems with some larger weapons.
You are somewhat resistant to further mutation.


Message History

You hear a loud, deep croak!
Something shouts, "Get thee hence, thou jarring guts-griping grub!"
The hornet closely misses you. The hound misses you. The scorpion misses you.
The hornet barely misses you. The hound closely misses you.
Evoke which item? (* to show all) (? for menu, Esc to quit)
Zapping:
D - a wand of lightning (1/15)
Press: ? - help, Shift-Dir - straight line, f/p - hornet
Aim: a hornet (severely wounded)
You hear a mighty clap of thunder!
The bolt of lightning misses the hornet.
This wand has 0 charges left.
The hornet closely misses you. The hound closely misses you.
The scorpion misses you.
The hornet stings you but does no damage.
The hound bites you.
* * * LOW HITPOINT WARNING * * *
The scorpion closely misses you.
You feel better. The hornet misses you. The hound bites you.
* * * LOW HITPOINT WARNING * * *
The hornet stings you!
You die...

.#.#.........#
.............# (#
####.........# (#
#.........#. (## .
###......... .. !.
###......#### (#
#... #.>....###
##.#.?... ...#....#
##y...# ## #..###
##@s.# ####..#
#.h#.# #.....#
#######.##.#
#.##.####..........#
..........#######.%#
#.........# .(#
..##.####.# .h# .#
#.# ### ...# . #.#
#..#


You could see a hornet, a scorpion and a hound.

Vanquished Creatures
  A hippogriff (D:6)
  Eustachio (D:6)
  2 phantoms (D:5)
  2 centaurs (D:5)
  2 ogres
  2 bullfrogs (D:6)
  A scorpion (D:5)
  2 crimson imps
  2 bullfrog zombies
  A centaur zombie (D:5)
  4 hounds
  2 orc wizards
  5 orc priests
  5 worker ants
  An iguana (D:6)
  A hound skeleton (D:6)
  6 adders
  7 gnolls
  A shadow imp (D:6)
  2 adder skeletons
  4 dart slugs
  4 leopard geckos
  12 orcs
  4 ball pythons
  8 giant cockroaches
  8 goblins
  6 hobgoblins
  11 jackals
  2 quokkas (D:3)
  A ball python skeleton (D:4)
  2 bats
  2 frilled lizards
  A giant cockroach zombie (D:6)
  5 kobolds
  A leopard gecko skeleton (D:6)
  A leopard gecko zombie (D:5)
  2 quokka zombies
  5 rats
  A rat zombie (D:5)
130 creatures vanquished.

Notes
Turn   | Place    | Note
-------+----------+-------------------------------------------
     0 | D:1      | KarmaPolice the Halfling Hunter began the quest for the Orb.
     0 | D:1      | Reached XP level 1. HP: 14/14 MP: 1/1
   107 | D:1      | Reached skill level 6 in Slings
   107 | D:1      | Reached XP level 2. HP: 16/19 MP: 2/2
   226 | D:1      | Reached skill level 1 in Short Blades
   313 | D:1      | Reached XP level 3. HP: 23/24 MP: 3/3
  1018 | D:2      | Reached XP level 4. HP: 27/30 MP: 4/4
  1303 | D:2      | Found a stormy altar of Qazlal.
  2391 | D:3      | Reached XP level 5. HP: 25/35 MP: 5/5
  2963 | D:3      | Reached skill level 7 in Slings
  2963 | D:3      | Reached skill level 1 in Armour
  3124 | D:4      | Reached XP level 6. HP: 28/42 MP: 6/6
  3917 | D:4      | Reached XP level 7. HP: 46/46 MP: 7/7
  4226 | D:5      | Entered Level 5 of the Dungeon
  4366 | D:5      | Found Wol Geg's Armour Emporium.
  4570 | D:5      | Found a staircase to the Ecumenical Temple.
  4589 | D:5      | Reached skill level 1 in Evocations
  4601 | Temple   | Entered the Ecumenical Temple
  4606 | Temple   | Reached skill level 8 in Slings
  4673 | Temple   | Became a worshipper of Uskayaw the Reveler
  4702 | D:5      | Reached * piety under Uskayaw
  4708 | D:5      | Reached ** piety under Uskayaw
  4874 | D:5      | Found a bloodstained altar of Trog.
  4897 | D:5      | Reached *** piety under Uskayaw
  5044 | D:5      | Reached XP level 8. HP: 50/54 MP: 9/9
  5164 | D:5      | Found Hoibur's Weapon Shop.
  5266 | D:5      | Reached skill level 5 in Short Blades
  5266 | D:5      | Reached skill level 1 in Invocations
  5582 | D:5      | Reached **** piety under Uskayaw
  5593 | D:5      | Reached ***** piety under Uskayaw
  5741 | D:6      | Noticed Eustachio
  5752 | D:6      | Killed Eustachio
  5880 | D:6      | Noticed a hippogriff
  5903 | D:6      | Killed a hippogriff
  5903 | D:6      | Reached XP level 9. HP: 50/60 MP: 11/11
  6032 | D:6      | Reached skill level 5 in Fighting
  7111 | D:7      | Noticed a hornet
  7130 | D:7      | HP: 3/61 [hornet (6)]
  7132 | D:7      | HP: 1/61 [hound (3)]
  7133 | D:7      | Slain by a hornet

Vault maps used:
D:1:      minmay_arrival_five_plusses, minmay_pentomino_s2
D:2:      nicolae_qazlal_eye_of_the_storm, first_bread, kennysheep_crisscross
D:4:      serial_forest, infiniplex_forest_clump_small,
          infiniplex_forest_clump_large, infiniplex_forest_lined_1,
          infiniplex_forest_straight_2, infiniplex_forest_clump_diagonal
D:5:      lemuel_round_altar, enter_ossuary_4, serial_shops, nicolae_shop_stone,
          nicolae_shop_window_shopping
D:6:      uniq_eustachio
D:7:      nicolae_overflow_hidden_temple, hangedman_glass_teeth, the_bakery
Temple:   eino_temple_water

Skill      XL: |  1  2  3  4  5  6  7  8  9 |
---------------+----------------------------+-----
Fighting       | 2 3 4 5 |  5.4
Slings         | 6 7 8 |  8.0
Short Blades   | 1 2 3 4 6 7 |  7.0
Armour         | 1 2 |  2.6
Evocations     | 2 3 4 |  4.5
Invocations    | 3 4 |  4.4
Dodging        | |  2.1
Stealth        | |  1.9

Action                   |  1- 3 |  4- 6 |  7- 9 || total
-------------------------+-------+-------+-------++-------
Melee: Short sword       |    80 |   159 |   122 ||   361
 Fire: Hunting sling     |     8 |    99 |   241 ||   348
Invok: Line Pass         |       |       |     2 ||     2
Evoke: Wand              |       |       |     6 ||     6
  Use: Scroll            |       |       |     6 ||     6
       Potion            |       |       |     2 ||     2
 Stab: Sleeping          |     3 |     2 |     1 ||     6
       Confused          |       |       |     1 ||     1
       Paralysed         |       |       |     1 ||     1
  Eat: Chunk             |       |     9 |    24 ||    33
Armor: Leather armour    |    19 |    66 |    43 ||   128
Dodge: Dodged            |    48 |   190 |   186 ||   424
